 Dungeon Crawl Stone Soup version 0.27-a0-1140-g099f9bb0e8 (webtiles) character file.

Game seed: 6781886029699214161

4 freelancePsychic the Sneak (level 1, 0/14 HPs)
             Began as a Kobold Delver on May 10, 2021.
             Slain by a jackal (1 damage)
             ... on level 3 of the Dungeon.
             The game lasted 00:02:50 (261 turns).

freelancePsychic the Sneak (Kobold Delver)           Turns: 261, Time: 00:02:50

Health: 0/14       AC:  3    Str:  9    XL:     1   Next: 77%
Magic:  1/1        EV: 14    Int: 11    God:
Gold:   63         SH:  0    Dex: 16    Spells: 0/0 levels left

rFire    + . .     SeeInvis .   a - +0 short sword
rCold    . . .     Faith    .   (shield restricted)
rNeg     . . .     Spirit   .   b - +0 leather armour
rPois    .         Reflect  .   (no helmet)
rElec    .         Harm     .   (no cloak)
rCorr    .         Rampage  .   (no gloves)
Will     .....                  (no boots)
Stlth    ++++......             (no amulet)
HPRegen  0.04/turn              i - ring of protection from fire
MPRegen  0.07/turn              (no ring)

@: no status effects
A: small, no large weapons, nightstalker 3
a: no special abilities


You were on level 3 of the Dungeon.
You visited 1 branch of the dungeon, and saw 3 of its levels.

You collected 63 gold pieces.

Inventory:

Hand Weapons
 a - a +0 short sword (weapon)
Missiles
 h - 2 throwing nets (quivered)
Armour
 b - a +0 leather armour (worn)
Jewellery
 i - a ring of protection from fire (left hand)
Wands
 g - a wand of digging (3)
Scrolls
 c - a scroll of fog
 d - a scroll of identify {unknown}
 e - a scroll of fear
Potions
 f - a potion of haste {@q3}


   Skills:
 - Level 3.2 Fighting
 * Level 3.1 Short Blades
 - Level 2.4 Dodging
 + Level 6.7 Stealth


You couldn't memorise any spells.
You didn't know any spells.
Your spell library was empty.

Dungeon Overview and Level Annotations

Branches:
Dungeon (5/15)
 Temple: D:4-7

Altars:


Innate Abilities, Weirdness & Mutations

You are small and have problems with some larger weapons.
You are completely attuned to the shadows.


Message History

The jackal is moderately wounded.
The jackal closely misses you.
You completely miss the jackal.
The jackal is moderately wounded.
The jackal misses you.
You closely miss the jackal.
The jackal is moderately wounded.
The jackal bites you.
* * * LOW HITPOINT WARNING * * *
The jackal barely misses you.
You miss the jackal.
The jackal is moderately wounded.
The jackal bites you but does no damage.
You hit the jackal.
The jackal is severely wounded.
The jackal closely misses you.
You closely miss the jackal.
The jackal is severely wounded.
The jackal bites you but does no damage.
The jackal barely misses you.
You hit the jackal but do no damage.
The jackal is severely wounded.
The jackal barely misses you.
You closely miss the jackal.
The jackal is severely wounded.
The jackal bites you.
* * * LOW HITPOINT WARNING * * *
You hit the jackal.
The jackal is almost dead.
The jackal closely misses you. x2
You barely miss the jackal.
The jackal is almost dead.
The jackal closely misses you.
You closely miss the jackal.
The jackal is almost dead.
The jackal closely misses you.
You barely miss the jackal.
The jackal is almost dead.
The jackal closely misses you. The jackal bites you.
You die...

.# ... $# .. .# .# ###.#
###.# #...# #...## #.###
......g #h# #.####.
#@########
#.####g.......##.#......#
.>...##.......##.#.####.#
#.##.##.......##)#.####.#
#.##.##..............##.#
..##.# #.#######.#.##.#
.###†# #.# #......#
.###.#####.# #.#.####
...........# #.#.#


You could see a jackal.

Vanquished Creatures
  A giant cockroach (D:4)
  2 jackals (D:3)
  A ball python (D:3)
4 creatures vanquished.

Notes
Turn   | Place    | Note
-------+----------+-------------------------------------------
     0 | D:5      | freelancePsychic the Kobold Delver began the quest for the
                  | Orb.
     0 | D:5      | Reached XP level 1. HP: 14/14 MP: 1/1
    13 | D:5      | Noticed an ogre
   161 | D:3      | Noticed a gnoll shaman
   261 | D:3      | Slain by a jackal

Illustrated notes

Levels and vault maps discovered:
D:3:      layout_loops_cross, overflow_temple_1_default,
          small_statue_intersection, minmay_checkerbox
D:4:      layout_loops_ring
D:5:      layout_basic

Skill      XL: |  1 |
---------------+----+-----
Short Blades   | 3 |  3.1
Fighting       | |  3.2
Dodging        | |  2.4
Stealth        | |  6.7

Action                   || total
-------------------------++-------
Melee: Short sword       ||    31
  Use: Scroll            ||     1
 Stab: Sleeping          ||     2
Armor: Leather armour    ||     5
Dodge: Dodged            ||    26

Table legend: (Time is in decaauts)
 A = Elapsed time spent in this place.
 B = Non-inter-level travel time spent in this place.
 C = Inter-level travel time spent in this place.
 D = Time resting spent in this place.
 E = Time spent auto-exploring this place.
 F = Levels seen in this place.
 G = Mean time per level.
                   A        B        C        D        E       F      G
               +--------+--------+--------+--------+--------+-----+--------+
         Total |    258 |    258 |      0 |      0 |     99 |   3 |   86.0 |
       Dungeon |    258 |    258 |      0 |      0 |     99 |   3 |   86.0 |
               +--------+--------+--------+--------+--------+-----+--------+

Top non-repeatable levels by time:
     D:3: 102 daAuts
     D:4: 88 daAuts
     D:5: 67 daAuts
